Map: Mech Depot LE

Players

Creature

  • Race: Protoss Protoss
  • Spawn Location: 7:00

uThermal - Winner!

  • Race: Terran Terran
  • Spawn Location: 1:00

Event: WCS Montreal 2017

VOD

Have the link to the VOD?

Description

Time

  • Played on: Sept. 8, 2017, 12:44 p.m.
  • Length: 8:15

All games in this series

Show
View Real Time Build Order
Export as new Build Order

Creature Protoss 

Build Orders: 1 Gate Expand, Oracle Opening 

Get SALT Encoding   

  12  0:00  Probe (Chrono Boost)  
  13  0:11  Probe (Chrono Boost)  
  14  0:18  Pylon  
  14  0:22  Probe (Chrono Boost)  
  15  0:36  Probe (Chrono Boost), Gateway  
  16  0:47  Probe (Chrono Boost)  
  16  0:48  Assimilator  
  17  0:57  Probe (Chrono Boost)  
  18  1:08  Probe (Chrono Boost)  
  19  1:20  Nexus  
  19  1:31  Cybernetics Core  
  19  1:34  Probe (Chrono Boost)  
  20  1:41  Assimilator  
  20  1:44  Probe (Chrono Boost)  
  21  1:54  Pylon  
  21  1:55  Probe (Chrono Boost)  
  22  2:05  Probe (Chrono Boost)  
  23  2:12  Adept (Chrono Boost)  
  25  2:17  Probe  
  25  2:20  Stargate  
  26  2:29  Probe  
  27  2:31  Warp Gate  
  27  2:33  Probe  
  27  2:36  Adept (Chrono Boost)  
  30  2:41  Probe  
  30  2:44  Probe  
  32  2:53  Probe  
  32  2:54  Probe  
  34  3:03  Adept (Chrono Boost)  
  34  3:04  Oracle (Chrono Boost)  
  37  3:05  Probe  
  37  3:07  Probe  
  37  3:11  Pylon  
  41  3:18  Probe  
  41  3:19  Probe  
  43  3:30  Probe (Chrono Boost)  
  43  3:33  Probe (Chrono Boost), Oracle (Chrono Boost)  
  45  3:39  Gateway  
  45  3:40  Gateway  
  48  3:43  Probe (Chrono Boost)  
  48  3:45  Probe (Chrono Boost)  
  50  3:53  Probe (Chrono Boost)  
  51  4:04  Probe (Chrono Boost)  
  51  4:05  Mothership Core (Chrono Boost)  
  51  4:08  Pylon  
  54  4:16  Probe (Chrono Boost)  
  40  4:29  Probe (Chrono Boost)  
  33  4:40  Assimilator x2, Stalker x2  
  33  4:41  Zealot  
  33  4:43  Probe (Chrono Boost)  
  34  4:54  Probe (Chrono Boost)  
  34  4:58  Probe (Chrono Boost)  
  28  5:06  Probe (Chrono Boost)  
  29  5:09  Probe (Chrono Boost)  
  29  5:10  Pylon  
  30  5:19  Probe (Chrono Boost)  
  30  5:20  Probe (Chrono Boost)  
  32  5:23  Pylon  
  28  5:30  Probe (Chrono Boost)  
  28  5:31  Probe (Chrono Boost)  
  30  5:41  Probe (Chrono Boost)  
  30  5:42  Probe (Chrono Boost)  
  32  5:44  Zealot  
  34  5:51  Probe (Chrono Boost)  
  34  5:52  Probe (Chrono Boost)  
  36  6:02  Probe (Chrono Boost), Adept  
  39  6:06  Adept  
  39  6:09  Probe (Chrono Boost)  
  42  6:13  Probe (Chrono Boost)  
  43  6:20  Probe (Chrono Boost)  
  43  6:24  Probe (Chrono Boost)  
  45  6:28  Phoenix  
  47  6:36  Probe (Chrono Boost)  
  47  6:37  Probe (Chrono Boost)  
  47  6:47  Probe (Chrono Boost)  
  47  6:51  Probe (Chrono Boost)  
  48  6:57  Probe (Chrono Boost)  
  48  7:01  Stalker x2  
  51  7:06  Probe (Chrono Boost)  
  51  7:11  Probe (Chrono Boost)  
  51  7:21  Probe (Chrono Boost)  
  52  7:25  Probe (Chrono Boost)  
  53  7:32  Probe (Chrono Boost)  
  53  7:36  Mothership Core (Chrono Boost)  
  56  7:42  Probe (Chrono Boost)  
  57  7:44  Twilight Council  
  57  7:47  Forge  
  57  7:53  Probe (Chrono Boost)  
  57  7:55  Pylon  
Show
View Real Time Build Order
Export as new Build Order

uThermal Terran - Winner!

Build Orders: 1/1/1, Widow Mine Drop 

Get SALT Encoding   

  12  0:02  SCV  
  13  0:14  SCV  
  13  0:18  Supply Depot  
  14  0:26  SCV  
  15  0:28  Refinery  
  15  0:39  SCV  
  16  0:45  Barracks  
  16  0:51  SCV  
  17  1:03  SCV  
  18  1:15  SCV  
  19  1:32  Marine  
  20  1:33  Orbital Command  
  20  1:35  Factory  
  20  1:40  Supply Depot  
  20  1:50  Marine  
  21  1:59  SCV  
  22  2:09  Command Center  
  22  2:11  Marine  
  23  2:21  Starport  
  23  2:26  Widow Mine  
  23  2:28  Marine  
  23  2:29  SCV  
  27  2:35  Supply Depot  
  27  2:41  SCV  
  28  2:46  Marine  
  29  2:54  SCV  
  29  2:57  Medivac, Hellion  
  34  3:04  Marine  
  35  3:06  SCV  
  35  3:09  Refinery  
  36  3:18  SCV, Hellion  
  39  3:22  Orbital Command  
  39  3:30  SCV  
  40  3:37  Engineering Bay  
  40  3:42  SCV  
  42  3:49  Viking  
  42  3:50  Cyclone  
  42  3:54  SCV x2  
  41  4:06  SCV  
  41  4:08  SCV  
  40  4:18  SCV  
  40  4:25  Cyclone, SCV  
  40  4:29  Marine  
  40  4:30  SCV  
  45  4:37  SCV  
  46  4:42  SCV  
  47  4:47  Liberator  
  47  4:49  SCV  
  48  4:53  Barracks Reactor  
  48  4:54  SCV  
  49  5:01  SCV  
  49  5:06  SCV  
  50  5:13  SCV  
  50  5:19  SCV  
  51  5:25  SCV  
  52  5:30  Factory Tech Lab  
  52  5:31  SCV  
  52  5:35  Supply Depot, Missile Turret  
  53  5:36  Missile Turret  
  53  5:37  SCV  
  53  5:40  Marine  
  54  5:50  Supply Depot  
  54  5:53  SCV x2  
  54  5:56  Marine  
  54  5:57  Cyclone  
  58  6:04  Supply Depot, Marine  
  58  6:05  SCV x2  
  61  6:11  Viking  
  61  6:16  Marine  
  61  6:17  SCV x2  
  65  6:21  Supply Depot  
  65  6:22  Marine  
  66  6:29  Cyclone, Supply Depot, SCV x2  
  71  6:34  Marine  
  71  6:40  Marine  
  71  6:41  Viking, SCV x2  
  75  6:52  Marine  
  75  6:53  SCV x2  
  76  6:58  Marine  
  77  7:02  Cyclone  
  77  7:05  SCV x2  
  77  7:07  Supply Depot  
  77  7:08  Command Center  
  79  7:09  Marine  
  79  7:11  Viking  
  79  7:15  Marine  
  79  7:17  SCV x2  
  79  7:19  Refinery  
  79  7:21  Refinery  
  79  7:22  Barracks  
  82  7:23  Barracks  
  82  7:25  Supply Depot  
  82  7:27  Marine  
  82  7:29  SCV  
  84  7:31  SCV  
  84  7:33  Marine  
  86  7:39  Factory Reactor  
  86  7:42  SCV  
  86  7:43  SCV  
  88  7:45  Barracks  
  88  7:47  Barracks  
  88  7:51  Starport Reactor  
  88  7:52  Marine x2  
  88  7:54  SCV  
  88  7:55  SCV  
  92  8:05  Supply Depot  
Tags
 
Add a new tag
Caveats
  • Supply blocks, unpowered buildings, or Contaminate may cause inaccurate times.
  • Supply counts are checked every 10 seconds.